Map: Acropolis LE

Players

Woah - Winner!

  • Race: Terran Terran
  • Spawn Location: 11:00

Beasten

  • Race: Protoss Protoss
  • League: Diamond
  • Spawn Location: 5:00

VOD

Have the link to the VOD?

Description

Time

  • Played on: June 14, 2019, 1:18 p.m.
  • Length: 18:36
Show
View Real Time Build Order
Export as new Build Order

Woah Terran - Winner!

Build Orders:  

Get SALT Encoding   

  12  0:01  SCV  
  13  0:13  SCV  
  14  0:17  Supply Depot  
  14  0:25  SCV  
  14  0:27  Refinery  
  15  0:41  Barracks  
  15  0:45  SCV  
  16  0:58  SCV  
  17  1:10  SCV  
  18  1:33  Supply Depot  
  18  1:34  Marine  
  18  1:38  Bunker, Factory  
  20  1:47  Orbital Command  
  19  2:01  Barracks Tech Lab  
  19  2:20  SCV  
  20  2:30  Siege Tank  
  20  2:31  Marine  
  24  2:40  SCV  
  25  2:46  Refinery  
  25  2:49  Marine  
  26  2:58  SCV, Engineering Bay  
  27  3:19  Marauder, Stimpack  
  29  3:21  Widow Mine  
  31  3:30  Missile Turret  
  31  4:00  Command Center  
  31  4:14  Bunker  
  31  4:18  Starport, Factory Tech Lab  
  31  4:44  Supply Depot  
  31  4:46  Barracks  
  31  4:50  Barracks  
  31  4:56  Supply Depot  
  31  5:05  SCV, Marine  
  33  5:08  Raven  
  33  5:13  Orbital Command  
  35  5:17  SCV  
  36  5:22  Combat Shield  
  36  5:24  Marauder  
  36  5:28  Terran Infantry Weapons Level 1  
  38  5:36  Supply Depot  
  38  5:37  SCV  
  38  5:39  Barracks Reactor  
  38  5:40  Barracks Tech Lab  
  39  5:51  Supply Depot  
  39  5:57  Factory Reactor  
  39  6:01  SCV, Marine x2  
  42  6:06  Supply Depot  
  42  6:08  SCV  
  43  6:13  SCV  
  44  6:19  Marine x2  
  44  6:20  Concussive Shells  
  46  6:26  Engineering Bay  
  46  6:30  Bunker  
  46  6:37  SCV x2, Marauder  
  46  6:38  Marauder  
  52  6:49  SCV  
  52  6:50  Barracks x2  
  53  6:57  Armory, Terran Infantry Armor Level 1  
  53  7:04  SCV x2  
  55  7:21  SCV  
  55  7:22  SCV  
  57  7:31  Refinery  
  57  7:32  Refinery  
  57  7:34  SCV x2  
  59  7:38  Missile Turret  
  59  7:39  Missile Turret  
  59  7:42  Barracks Reactor x2  
  59  7:44  Marauder, Marine  
  59  7:45  Marauder, Marine  
  59  7:46  SCV x2  
  59  7:50  Medivac x2  
  71  7:58  SCV  
  72  8:07  SCV  
  72  8:09  Supply Depot  
  72  8:10  SCV  
  74  8:15  Terran Infantry Weapons Level 2  
  75  8:20  SCV  
  74  8:37  SCV x2  
  74  8:41  Barracks  
  76  8:43  Command Center, Barracks  
  76  8:53  Terran Infantry Armor Level 2  
  76  8:59  Barracks  
  76  9:03  Marine  
  76  9:04  Barracks  
  76  9:05  Barracks  
  85  9:14  Marine x2  
  85  9:15  Marine x5  
  82  9:21  Marine  
  83  9:25  Missile Turret  
  83  9:26  Viking  
  85  9:32  Marine  
  86  9:54  Marine x4  
  86  9:55  Viking  
  92  10:01  Marine x4  
  96  10:11  Barracks Reactor  
  96  10:12  Marine x4, Barracks Reactor  
  100  10:15  Marine  
  100  10:20  Marine x5  
  106  10:22  Missile Turret  
  104  10:30  Marine x4  
  104  10:33  Marine  
  103  10:38  Marine x5  
  108  10:48  Marine  
  109  10:57  Marine x2  
  109  11:07  Starport  
  109  11:17  Supply Depot  
  109  11:18  Supply Depot x2  
  103  12:10  Starport Reactor  
  101  12:19  Marine x8  
  112  12:23  Planetary Fortress, Marine  
  104  12:38  Missile Turret  
  104  12:41  Missile Turret x3  
  104  12:43  Missile Turret  
  99  12:45  Missile Turret  
  90  13:07  Marine x2  
  90  13:09  Marine  
  83  13:17  Supply Depot  
  83  13:19  Supply Depot  
  55  14:12  Command Center  
  55  14:13  Command Center  
  55  14:14  Barracks Tech Lab  
  55  14:16  Barracks x2  
  55  14:17  Barracks  
  55  14:23  Factory  
  55  14:28  Supply Depot  
  55  14:31  Supply Depot  
  55  14:40  Supply Depot  
  55  14:52  Medivac x2  
  59  15:07  Starport  
  59  15:08  Starport, Marine x3  
  62  15:18  SCV  
  63  15:25  Viking  
  65  15:30  SCV  
  66  15:39  Orbital Command  
  66  15:50  Viking  
  66  15:55  Viking  
  70  16:11  Marine x6  
  76  16:28  Marine  
  76  16:29  Marine x4  
  74  17:14  Marine x3  
  77  17:15  Marine  
  77  17:16  Marine x2  
  80  17:32  Marine x3  
  80  17:33  Marine  
  80  17:34  Marine x2  
  86  17:43  Orbital Command  
  86  17:50  Marine x3  
  87  17:51  Marine  
  87  17:52  Marine x2  
  90  18:07  Marine  
  90  18:08  Marine x2  
  90  18:10  Marine  
  90  18:11  Marine x2  
Show
View Real Time Build Order
Export as new Build Order

Beasten Protoss 

Build Orders:  

Get SALT Encoding   

  12  0:01  Probe  
  13  0:13  Probe  
  14  0:21  Pylon  
  14  0:25  Probe  
  15  0:39  Probe  
  15  0:41  Pylon  
  16  1:01  Gateway  
  16  1:02  Gateway  
  16  1:08  Probe  
  17  1:20  Probe  
  18  1:32  Probe  
  19  1:34  Assimilator  
  19  1:44  Probe  
  20  1:55  Cybernetics Core  
  20  1:56  Probe  
  20  1:58  Assimilator  
  20  1:59  Zealot  
  20  2:00  Zealot  
  25  2:10  Probe  
  26  2:25  Gateway  
  26  2:33  Stalker  
  28  2:54  Probe  
  29  2:59  Forge  
  29  3:05  Pylon  
  29  3:06  Probe  
  30  3:16  Warp Gate  
  30  3:29  Sentry  
  30  3:30  Probe  
  30  3:33  Photon Cannon  
  33  3:36  Pylon  
  33  3:40  Gateway  
  33  3:52  Nexus  
  33  3:55  Pylon  
  33  4:23  Stargate  
  33  4:25  Stargate  
  33  4:27  Assimilator, Protoss Shields Level 1  
  33  4:33  Assimilator  
  33  4:39  Pylon  
  33  4:48  Photon Cannon  
  33  5:00  Probe  
  34  5:08  Probe  
  34  5:09  Stalker x2  
  39  5:18  Probe  
  40  5:30  Probe, Void Ray  
  45  5:41  Void Ray  
  45  5:42  Probe  
  50  5:53  Protoss Air Weapons Level 1  
  50  6:02  Probe  
  50  6:10  Probe  
  51  6:16  Void Ray  
  52  6:18  Probe  
  57  6:26  Void Ray  
  57  6:30  Probe  
  62  6:42  Probe  
  63  6:55  Probe  
  63  6:59  Void Ray  
  68  7:07  Probe  
  69  7:09  Void Ray  
  73  7:19  Probe  
  74  7:31  Probe  
  75  7:39  Fleet Beacon  
  75  7:43  Probe  
  76  7:50  Stargate  
  76  7:55  Probe  
  76  7:58  Nexus  
  77  8:00  Pylon  
  77  8:16  Pylon  
  77  8:18  Photon Cannon, Void Ray x2  
  85  8:27  Assimilator  
  85  8:32  Assimilator  
  77  8:51  Carrier  
  83  8:58  Probe  
  84  9:07  Probe  
  84  9:10  Probe  
  84  9:16  Probe  
  86  9:20  Probe  
  86  9:22  Pylon  
  87  9:29  Probe x2  
  90  9:38  Probe  
  90  9:41  Probe  
  92  9:50  Probe  
  93  9:53  Probe  
  93  9:55  Carrier  
  93  9:56  Carrier  
  104  11:08  Nexus  
  104  11:10  Pylon  
  104  11:13  Pylon  
  104  11:16  Assimilator  
  104  11:19  Assimilator  
  64  12:22  Probe  
  65  12:34  Probe  
  64  12:46  Probe  
  65  12:58  Probe  
  62  13:10  Probe  
  29  13:56  Probe  
  29  14:00  Gateway  
  29  14:02  Gateway  
  24  14:03  Gateway  
  24  14:05  Stargate  
  24  14:07  Cybernetics Core  
  24  14:10  Pylon  
  24  14:13  Probe  
  24  14:16  Twilight Council  
  25  14:20  Nexus, Gateway  
  25  14:23  Gateway  
  25  14:26  Pylon  
  25  14:27  Pylon  
  25  14:39  Nexus  
  25  14:42  Pylon  
  25  14:43  Pylon  
  25  14:44  Pylon  
  25  14:56  Pylon  
  25  15:03  Stargate  
  25  15:07  Stargate  
  25  15:10  Charge  
  25  15:13  Dark Shrine  
  25  15:34  Zealot x2  
  25  15:35  Zealot, Assimilator, Stalker  
  33  15:36  Stalker x2  
  33  15:37  Assimilator  
  33  15:40  Photon Cannon  
  37  15:43  Void Ray x3  
  47  16:09  Zealot x2  
  47  16:10  Zealot x3  
  47  16:11  Zealot  
  47  16:30  Dark Templar  
  34  16:42  Zealot x4  
  34  16:43  Zealot  
  24  17:05  Dark Templar  
  19  17:29  Pylon  
  10  17:31  Dark Templar  
  12  17:58  Probe  
  13  18:06  Probe x2  
  13  18:15  Probe  
  13  18:16  Probe  
  13  18:18  Assimilator  
  15  18:20  Assimilator  
Tags
 
League
Diamond
Matchup
PvT
Replay Pack
r1
Spawn Locations
Cross Positions
Add a new tag
Caveats
  • Supply blocks, unpowered buildings, or Contaminate may cause inaccurate times.
  • Supply counts are checked every 10 seconds.